 Dungeon Crawl Stone Soup version 0.17.0-73-gb648821 (console) character file.

220 Kloppie the Skirmisher (level 5, 0/48 HPs)
             Began as a Centaur Fighter on Dec 10, 2015.
             Was a Follower of Elyvilon.
             Slain by Sigmund
             ... wielding a +0 scythe
              (11 damage)
             ... on level 4 of the Dungeon.
             The game lasted 00:03:18 (2851 turns).

Kloppie the Skirmisher (Centaur Fighter)            Turns: 2851, Time: 00:03:18

Health: 0/48       AC:  6    Str: 18    XL:     5   Next: 64%
Magic:  5/5        EV:  5    Int:  7    God:    Elyvilon [*.....]
Gold:   112        SH:  8    Dex: 10    Spells: 0 memorised, 4 levels left

rFire  . . .     SeeInvis .     a - +0 flail
rCold  . . .     Clarity  .     b - +0 scale mail
rNeg   . . .     SustAt   .     c - +0 shield
rPois  .         Gourm    .     (no helmet)
rElec  .         Spirit   .     (no cloak)
rCorr  .         Warding  .     (no gloves)
rMut   .         Stasis   .     (no barding)
MR     .....                    (no amulet)
Stlth  ..........               (no ring)
                                (no ring)

@: very quick, not resistant to hostile enchantments, extremely unstealthy
A: hooves 3, deformed body, speed 2, tough skin 3
a: Lesser Healing, Divine Protection, Renounce Religion


You were on level 4 of the Dungeon.
You worshipped Elyvilon.
Elyvilon was aware of your devotion.
You were not hungry.

You visited 1 branch of the dungeon, and saw 4 of its levels.

You collected 112 gold pieces.

Inventory:

Hand Weapons
 a - a +0 flail (weapon)
Armour
 b - a +0 scale mail (worn)
 c - a +0 shield (worn)
Scrolls
 d - a scroll of recharging {unknown}
 i - a scroll of noise {unknown}
 k - 2 scrolls of remove curse {unknown}
 l - 3 scrolls of identify {unknown}
 q - 2 scrolls of enchant weapon {unknown}
 r - a scroll of fear {unknown}
 t - a scroll of amnesia {unknown}
 v - a scroll of random uselessness {unknown}
Potions
 f - 4 potions of agility {unknown}
 j - 3 potions of lignification {unknown}
 m - a potion of magic {unknown}
 o - a potion of curing {unknown}
 s - a potion of flight {unknown}
 u - a potion of haste {unknown}
Books
 n - a book of Clouds

   Spells                             Type                      Level
   a - Mephitic Cloud                 Conjuration/Poison/Air       3
   b - Conjure Flame                  Conjuration/Fire             3
   c - Poisonous Cloud                Conjuration/Poison/Air       6
   d - Freezing Cloud                 Conjuration/Ice/Air          6
   e - Ring of Flames                 Charms/Fire                  7
 p - a book of Necromancy

   Spells                             Type                      Level
   a - Pain                           Necromancy                   1
   b - Animate Skeleton               Necromancy                   1
   c - Vampiric Draining              Necromancy                   3
   d - Regeneration                   Charms/Necromancy            3
   e - Animate Dead                   Necromancy                   4
   f - Control Undead                 Necromancy                   4
   Elyvilon disapproves of the use of such an item.
Comestibles
 e - 4 bread rations
 g - a meat ration
 h - a beef jerky
 w - a chunk of flesh


   Skills:
 + Level 5.0 Fighting
 + Level 4.0 Maces & Flails
 - Level 2.1 Armour
 - Level 2.1 Shields


You had 4 spell levels left.
You didn't know any spells.

Dungeon Overview and Level Annotations

Branches:
Dungeon (4/15)             Temple (0/1) D:4

Altars:
Elyvilon

Annotations:
D:4 Sigmund


Innate Abilities, Weirdness & Mutations

You have hooves in place of feet.
Armour fits poorly on your strangely shaped body.
You cover ground very quickly.
You have extremely tough skin (AC +3).


Message History

Sigmund is heavily wounded.
You block Sigmund's attack.
You barely miss Sigmund. Your kick misses Sigmund.
Sigmund is heavily wounded.
Sigmund hits you but does no damage.
You sock Sigmund! You kick Sigmund, but do no damage.
Sigmund is severely wounded.
Sigmund gestures wildly while chanting.
Sigmund flickers and vanishes!
Deactivating autopickup; reactivate with Ctrl-A.
You closely miss something. You kick something. Something hits you!
* * * LOW HITPOINT WARNING * * *
You miss something.
You hear some strange, mumbled words.
Something tries to affect you, but you resist.
You closely miss something. You kick something.
Something hits you but does no damage.
Your shield prevents you from hitting something.
Something hits you!
You die...

#. ### ##.....##
##.##.## ##.......##
#......####.........##
#.#.......'..)......+.
#......####.........##
##.##.## ##.....>.##
#.#### ##.....##
####.##### ##...##
#......@{# ##+##
#..###.#.# #.. #.#.#
#. #.#.# #. .##.# # .
.# .# ## . #.


There were no monsters in sight!

Vanquished Creatures
  The ghost of Vayl the Charmwright, an amateur DrSk (D:3)
  A centaur skeleton (D:4)
  A worker ant (D:4)
  3 adders
  An adder skeleton (D:4)
  2 worms (D:2)
  A ball python (D:3)
  10 bats
  9 hobgoblins
  2 jackals (D:1)
  2 quokkas
  3 giant cockroaches
  5 giant newts
  6 goblins
  4 kobolds
  3 rats
54 creatures vanquished.

Notes
Turn   | Place    | Note
--------------------------------------------------------------
     0 | D:1      | Kloppie the Centaur Fighter began the quest for the Orb.
     0 | D:1      | Reached XP level 1. HP: 19/19 MP: 1/1
   229 | D:1      | Reached XP level 2. HP: 26/26 MP: 2/2
  1173 | D:2      | Reached XP level 3. HP: 31/31 MP: 3/3
  1722 | D:3      | Found a white marble altar of Elyvilon.
  1726 | D:3      | Noticed Vayl's ghost (amateur DrSk)
  1756 | D:3      | Killed Vayl's ghost
  1756 | D:3      | Reached skill level 4 in Fighting
  1756 | D:3      | Reached XP level 4. HP: 12/41 MP: 4/4
  1986 | D:3      | Became a worshipper of Elyvilon the Healer
  2024 | D:3      | Reached XP level 5. HP: 29/47 MP: 5/5
  2101 | D:3      | Found a faded altar to an unknown god.
  2634 | D:4      | Found a staircase to the Ecumenical Temple.
  2670 | D:4      | Reached * piety under Elyvilon
  2804 | D:4      | Reached skill level 5 in Fighting
  2828 | D:4      | Noticed Sigmund
  2851 | D:4      | Slain by Sigmund

Action                   |  1- 3 |  4- 6 || total
-------------------------+-------+-------++-------
Melee: Flail             |   122 |    82 ||   204
  Use: Potion            |     1 |       ||     1
  Eat: Chunk             |     1 |     3 ||     4
